 Dungeon Crawl Stone Soup version 0.22-b1-59-g0aedee7 (webtiles) character file.

44730 teukkam the Fighter (level 13, -9/119 HPs)
             Began as a Minotaur Berserker on Aug 8, 2018.
             Was a High Priest of Trog.
             Mangled by a salamander
             ... wielding a +0 spear
              (14 damage)
             ... on level 2 of the Snake Pit on Aug 9, 2018.
             The game lasted 01:45:06 (19115 turns).

teukkam the Fighter (Minotaur Berserker)           Turns: 19115, Time: 01:45:08

Health: -9/119     AC: 11    Str: 24 (25) XL:     13   Next: 97%
Magic:  12/12      EV: 15    Int:  4      God:    Trog [*****.]
Gold:   1630       SH:  0    Dex: 14 (15) Spells: 12/12 levels left

rFire    + . .     SeeInvis +   a - +8 glaive "Oqeicu Usuas" {venom, MR- Dex+3 SInv}
rCold    . . .     Gourm    .   (shield currently unavailable)
rNeg     . . .     Faith    .   F - +2 ring mail {rPois}
rPois    +         Spirit   .   E - +2 hat
rElec    .         Reflect  .   L - scarf {cloud immunity}
rCorr    .         Harm     .   (no gloves)
MR       .....                  (no boots)
Stlth    +.........             j - amulet of magic regeneration
HPRegen  0.29/turn              g - +3 ring of slaying
MPRegen  0.38/turn              P - ring of protection from fire

@: constricted
A: retaliatory headbutt, horns 2, deterioration 1, sturdy frame 1
a: Berserk, Trog's Hand, Brothers in Arms, Renounce Religion


You were on level 2 of the Snake Pit.
You worshipped Trog.
Trog was extremely pleased with you.
You were not hungry.

You visited 4 branches of the dungeon, and saw 23 of its levels.
You also visited: Sewer and Ice Cave.

You collected 2272 gold pieces.
You spent 642 gold pieces at shops.

Inventory:

Hand Weapons
 a - the +8 glaive "Oqeicu Usuas" (weapon) {venom, MR- Dex+3 SInv}
   (You bought it in a shop on level 2 of the Orcish Mines)

   It poisons the flesh of those it strikes.
   It affects your dexterity (+3).
   It affects your resistance to hostile enchantments.
   It lets you see invisible.
 b - a +4 fustibalus of velocity
 l - a +1 whip of flaming
 v - a +7 double sword of draining
 x - a +2 demon blade of electrocution
 I - a +2 flail of holy wrath
 R - a +2 shortbow of freezing
 T - a +2 antimagic battleaxe
 Z - a +0 blowgun
Missiles
 h - 2 throwing nets
 o - 6 needles of sleeping
 w - 282 stones
 y - 105 poisoned needles
 N - 92 sling bullets
 W - 21 tomahawks (quivered)
Armour
 i - the +4 scale mail "Haenkoel" {rC+ Str+6 Int+3 Stlth-}
   (You bought it in a shop on level 2 of the Orcish Mines)

   It affects your strength (+6).
   It affects your intelligence (+3).
   It protects you from cold.
   It makes you less stealthy.
 D - a +0 buckler
 E - a +2 hat (worn)
 F - a +2 ring mail of poison resistance (worn)
 L - a scarf of cloud immunity (worn)
Jewellery
 d - a +2 ring of intelligence
 g - a +3 ring of slaying (left hand)
 j - an amulet of magic regeneration (around neck)
 r - a +3 ring of slaying
 s - an uncursed ring of resist corrosion
 C - an uncursed ring of positive energy
 H - a +5 ring of strength
 J - an uncursed ring of poison resistance
 P - a ring of protection from fire (right hand)
Wands
 K - a wand of flame (17)
 M - a wand of enslavement (6)
 Q - a wand of iceblast (12)
 U - a wand of clouds (4)
 V - a wand of digging (10)
 X - a wand of polymorph (10)
 Y - a wand of random effects (19)
Scrolls
 f - a scroll of fog
 m - 2 scrolls of magic mapping
 p - 10 scrolls of identify
 q - 5 scrolls of teleportation
 z - 4 scrolls of enchant weapon
 B - 7 scrolls of remove curse
 G - a scroll of fear
 O - a scroll of blinking
Potions
 e - 5 potions of might
 k - a potion of ambrosia
 n - a potion of cancellation
 t - 3 potions of curing
 u - 2 potions of berserk rage
 A - a potion of agility
Comestibles
 c - 16 rations


   Skills:
 + Level 12.8 Fighting
 - Level 8.1 Long Blades
 - Level 9.9(10.0) Axes
 + Level 2.8(6.9) Polearms
 + Level 6.9 Slings
 - Level 6.3 Bows
 + Level 12.6 Armour
 - Level 11.3 Dodging
 - Level 11.7 Shields


You had 12 spell levels left.
You didn't know any spells.
Your spell library was empty.

Dungeon Overview and Level Annotations

Branches:
Dungeon (13/15)            Temple (0/1) D:7            Lair (6/6) D:11
 Shoals (0/4) Lair:3        Snake (2/4) Lair:4          Orc (2/2) D:12
    Elf (0/3) Orc:2
  Slime: Lair:5-6    Vaults: D:13-14

Altars:
Cheibriados
Fedhas
Gozag
Hepliaklqana
Kikubaaqudgha
Nemelex Xobeh
Qazlal
Ru
Sif Muna
Trog
Uskayaw
Yredelemnul
The Shining One
Beogh

Shops:
D:5 *   Orc:2 :*[(

Annotations:
Lair:6 Sonja


Innate Abilities, Weirdness & Mutations

You reflexively headbutt those who attack you in melee.
You have a pair of horns on your head.
Your body sometimes deteriorates upon taking damage.
Your movements are slightly less encumbered by armour. (ER -2)


Message History

The naga warrior constricts you.
You barely miss the naga warrior. You headbutt the naga warrior!
The naga warrior is severely wounded.
The naga warrior hits you from afar with a trident!!
* * * LOW HITPOINT WARNING * * *
The salamander barely misses you.
The naga warrior hits you but does no damage.
* * * LOW HITPOINT WARNING * * *
The naga warrior constricts you.
The naga warrior hits you from afar with a trident!!
* * * LOW HITPOINT WARNING * * *
The salamander misses you.
You escape the naga warrior's grasp.
The naga warrior barely misses you. You furiously retaliate!
You headbutt the naga warrior, but do no damage.
The naga warrior grabs you.
You stop ascending the stairs.
* * * LOW HITPOINT WARNING * * *
The naga warrior constricts you.
The salamander hits you from afar with a spear!
You die...

#... ...
... ..#
#.# ###.#
#..(#
#..@#
.......N.#
....###NN#
... #N.. #
.(...
.(....
...#..#
######..


You could see 2 naga warriors and 2 salamanders.

Vanquished Creatures
  An orc warlord (Orc:1)
  Snorg (D:12)
  An ettin (Orc:2)
  4 hydras
  2 ice dragons (IceCv)
  A two-headed ogre (D:8)
  2 death yaks (Lair:4)
  An orc knight (Orc:2)
  A mana viper (Snake:1)
  2 orc sorcerers (Orc:2)
  2 ugly things
  2 manticores
  An oklob plant (D:11)
  3 black mambas
  2 elephants (Lair:6)
  A torpor snail (Lair:6)
  An ice statue (IceCv)
  5 spiny frogs
  3 rime drakes
  5 komodo dragons
  2 trolls (Orc:2)
  A hornet (D:11)
  4 polar bears
  Prince Ribbit (D:9)
  8 blink frogs
  4 slime creatures (D:12)
  4 dream sheep (Lair:4)
  6 hippogriffs
  A shadow (D:8)
  2 wraiths (D:11)
  22 yaks
  2 wyverns
  A basilisk (Lair:1)
  A hungry ghost (D:7)
  Menkaure (D:7)
  A warg (Orc:1)
  A naga (Snake:1)
  Edmund (D:4)
  9 water moccasins
  5 porcupines
  Purgy (Sewer)
  19 ice beasts
  24 orc warriors
  2 phantoms
  4 sky beasts
  A black bear (D:8)
  6 ogres
  7 centaurs
  15 wolves
  9 crocodiles
  3 big kobolds
  13 bullfrogs
  A water moccasin zombie (D:10)
  A wyvern skeleton (D:6)
  2 scorpions (D:5)
  10 wights
  An electric eel (Lair:4)
  8 crimson imps
  2 bullfrog zombies
  4 howler monkeys
  4 centaur zombies
  6 hounds
  18 orc priests
  8 jellies
  2 bullfrog skeletons
  2 centaur skeletons
  4 iguanas
  21 orc wizards
  Natasha (thrice) (D:4)
  11 worker ants
  A hell rat (Lair:6)
  3 hound zombies
  5 hound skeletons
  A worker ant zombie (D:8)
  7 gnolls
  A howler monkey skeleton (D:9)
  16 adders
  2 river rats (D:6)
  2 shadow imps
  8 oozes
  A worm (D:6)
  2 dart slugs (D:1)
  4 leopard geckos
  71 orcs
  11 bats
  4 giant cockroaches
  9 goblins
  4 hobgoblins
  3 jackals (D:5)
  22 kobolds
  4 quokkas
  2 ball pythons
  4 frilled lizards
  A leopard gecko skeleton (D:5)
  A quokka skeleton (D:6)
  6 rats
  4 plants
529 creatures vanquished.

Vanquished Creatures (collateral kills)
  Gastronok (D:8)
  An orc warlord (Orc:2)
  An orc high priest (Orc:2)
  An orc sorcerer (Orc:2)
  2 orc warriors (Orc:2)
  2 orc priests (Orc:2)
  A gnoll shaman (D:8)
  A gnoll (D:8)
  6 orcs (Orc:2)
16 creatures vanquished.

Vanquished Creatures (others)
  2 dream sheep (Lair:6)
  An orc warrior (Orc:2)
  2 bushes (Lair:5)
  17 fungi
  15 plants
37 creatures vanquished.

Grand Total: 582 creatures vanquished

Notes
Turn   | Place    | Note
-------+----------+-------------------------------------------
     0 | D:1      | teukkam the Minotaur Berserker began the quest for the Orb.
     0 | D:1      | Reached XP level 1. HP: 19/19 MP: 0/0
   330 | D:1      | Reached XP level 2. HP: 27/27 MP: 1/1
   793 | D:2      | Found an ancient bone altar of Kikubaaqudgha.
   793 | D:2      | Found a snail-covered altar of Cheibriados.
   795 | D:2      | Found a hide-covered altar of Uskayaw.
   795 | D:2      | Found a bloodstained altar of Trog.
   797 | D:2      | Found a stormy altar of Qazlal.
   797 | D:2      | Found a glowing golden altar of the Shining One.
   798 | D:2      | Found a sacrificial altar of Ru.
   904 | D:2      | Reached ** piety under Trog
   904 | D:2      | Reached XP level 3. HP: 32/33 MP: 2/2
  1227 | D:3      | Reached XP level 4. HP: 36/41 MP: 3/3
  2021 | D:4      | Reached XP level 5. HP: 47/47 MP: 4/4
  2069 | D:4      | Found a basalt altar of Yredelemnul.
  2152 | D:4      | Noticed Edmund
  2161 | D:4      | Killed Edmund
  2161 | D:4      | Reached *** piety under Trog
  2161 | D:4      | Reached skill level 5 in Fighting
  2161 | D:4      | Reached skill level 5 in Axes
  2161 | D:4      | Reached skill level 1 in Shields
  2161 | D:4      | Reached XP level 6. HP: 56/56 MP: 5/5
  2479 | D:4      | Noticed Natasha
  2482 | D:4      | Killed Natasha
  2599 | D:4      | Noticed Natasha
  2605 | D:4      | Killed Natasha
  2629 | D:4      | Noticed Natasha
  2631 | D:4      | Killed Natasha
  2720 | D:5      | Entered Level 5 of the Dungeon
  2728 | D:5      | Noticed a sky beast
  2736 | D:5      | Killed a sky beast
  2758 | D:5      | Reached XP level 7. HP: 48/61 MP: 6/6
  2785 | D:5      | Found a transporter.
  2856 | D:5      | Found a transporter.
  2885 | D:5      | Found a hazy altar of Hepliaklqana.
  2890 | D:5      | Reached skill level 5 in Armour
  2912 | D:5      | Identified the Handbook of Venom
  3028 | D:5      | Found Qeyfer's Assorted Antiques.
  3186 | D:5      | Reached skill level 5 in Dodging
  3288 | D:6      | Reached XP level 8. HP: 65/71 MP: 7/7
  3446 | D:6      | Found a glowing drain.
  3449 | D:6      | Reached **** piety under Trog
  3461 | Sewer    | Entered a sewer
  3480 | Sewer    | Noticed Purgy
  3488 | Sewer    | Killed Purgy
  3921 | D:6      | Found an opulent altar of Gozag.
  3921 | D:6      | Found a sparkling altar of Nemelex Xobeh.
  4017 | D:6      | Found a deep blue altar of Sif Muna.
  4024 | D:6      | Reached skill level 5 in Shields
  4256 | D:7      | Reached XP level 9. HP: 79/79 MP: 8/8
  4581 | D:7      | Noticed Menkaure
  4586 | D:7      | Killed Menkaure
  4843 | D:7      | Found a staircase to the Ecumenical Temple.
  4909 | D:7      | Reached skill level 1 in Slings
  5136 | D:8      | Found a blossoming altar of Fedhas.
  5256 | D:8      | Noticed a two-headed ogre
  5266 | D:8      | Killed a two-headed ogre
  5266 | D:8      | Reached XP level 10. HP: 90/90 MP: 9/9
  5439 | D:8      | Reached ***** piety under Trog
  5638 | D:8      | Noticed Gastronok
  5652 | D:8      | Killed Gastronok
  6418 | D:10     | Entered Level 10 of the Dungeon
  7152 | D:11     | Noticed a green ugly thing
  7230 | D:11     | Received a gift from Trog
  7330 | D:11     | Reached XP level 11. HP: 65/99 MP: 5/10
  7340 | D:11     | Reached skill level 1 in Bows
  7708 | D:11     | Killed a green ugly thing
  7862 | D:11     | Identified a scroll of acquirement
  7932 | D:11     | Reached skill level 10 in Fighting
  7956 | D:11     | Reached skill level 1 in Long Blades
  8056 | D:11     | Found a staircase to the Lair.
  8056 | D:11     | Noticed an oklob plant
  8073 | D:11     | Killed an oklob plant
  8122 | Lair:1   | Entered Level 1 of the Lair of Beasts
  8285 | Lair:2   | Reached skill level 10 in Armour
  8618 | Lair:2   | Noticed an eight-headed hydra
  8628 | Lair:2   | Killed an eight-headed hydra
  9252 | Lair:3   | Noticed a six-headed hydra
  9359 | Lair:4   | Gained mutation: Your body sometimes deteriorates upon taking damage. [potion of mutation]
  9359 | Lair:4   | Gained mutation: Your movements are slightly less encumbered by armour. (ER -2) [potion of mutation]
  9489 | Lair:4   | Reached XP level 12. HP: 102/108 MP: 11/11
  9683 | Lair:4   | Found a staircase to the Snake Pit.
 10252 | Lair:6   | Entered Level 6 of the Lair of Beasts
 10252 | Lair:6   | Noticed a seven-headed hydra
 10262 | Lair:5   | Lost intelligence.
 10264 | Lair:5   | Reached skill level 10 in Shields
 10687 | Lair:5   | Noticed a death yak
 10687 | Lair:5   | Noticed a death yak
 10688 | Lair:5   | Noticed a death yak
 10688 | Lair:5   | Noticed a death yak
 10689 | Lair:5   | Noticed a death yak
 10985 | Lair:3   | Received a gift from Trog
 11074 | Lair:3   | Reached skill level 5 in Long Blades
 11074 | Lair:3   | Reached skill level 5 in Bows
 11101 | Lair:3   | Found a staircase to the Shoals.
 11280 | Lair:3   | Noticed a five-headed hydra
 11294 | Lair:3   | Killed a five-headed hydra
 11294 | Lair:3   | Reached skill level 10 in Dodging
 11642 | Lair:3   | Killed a six-headed hydra
 11807 | Lair:4   | Killed a death yak
 12242 | Lair:6   | Killed a seven-headed hydra
 12646 | Lair:6   | Found a runed door.
 12708 | Lair:6   | Noticed an ice dragon
 12715 | Lair:6   | HP: 4/110 [ice dragon (4)]
 12866 | Lair:6   | Noticed Sonja
 12875 | Lair:6   | Noticed a five-headed hydra
 12876 | Lair:6   | Noticed a catoblepas
 13191 | Lair:5   | Upgraded the game from 0.22-b1-26-g9dbaab1 to 0.22-b1-59-g0aedee7
 13548 | Lair:1   | Reached XP level 13. HP: 110/117 MP: 12/12
 14253 | D:12     | Noticed Snorg
 14261 | D:12     | Killed Snorg
 14717 | D:12     | Found a staircase to the Orcish Mines.
 15147 | D:9      | Noticed Prince Ribbit
 15151 | D:9      | Killed Prince Ribbit
 15151 | D:9      | Reached skill level 5 in Slings
 15384 | Orc:1    | Entered Level 1 of the Orcish Mines
 15407 | Orc:1    | Received a gift from Trog
 15665 | Orc:1    | Noticed an orc warlord
 15666 | Orc:2    | Entered Level 2 of the Orcish Mines
 15683 | Orc:2    | Found a frozen archway.
 15812 | IceCv    | Entered an ice cave
 15935 | IceCv    | Received a gift from Trog
 16626 | Orc:2    | Found a roughly hewn altar of Beogh.
 16646 | Orc:2    | Found Ifes's Book Shoppe.
 16814 | Orc:2    | Received a gift from Trog
 17070 | Orc:2    | Found a roughly hewn altar of Beogh.
 17080 | Orc:2    | Found Dokhla's Assorted Antiques.
 17085 | Orc:2    | Bought a brightly glowing scale mail for 297 gold pieces
 17095 | Orc:2    | Identified the +4 scale mail "Haenkoel" {rC+ Str+6 Int+3 Stlth-} (You bought it in a shop on level 2 of the Orcish Mines)
 17140 | Orc:2    | Noticed an ettin
 17148 | Orc:2    | Killed an ettin
 17214 | Orc:2    | Noticed an orc warlord
 17225 | Orc:2    | Killed an orc warlord
 17241 | Orc:2    | Found Siemamuv's Antique Weapon Boutique.
 17242 | Orc:2    | Found a roughly hewn altar of Beogh.
 17246 | Orc:2    | Found Jegge's Antique Armour Shop.
 17266 | Orc:2    | Bought a jewelled glaive for 345 gold pieces
 17271 | Orc:2    | Identified the +8 glaive "Oqeicu Usuas" {venom, MR- Dex+3 SInv} (You bought it in a shop on level 2 of the Orcish Mines)
 17494 | Orc:2    | Found a staircase to the Elven Halls.
 17563 | Orc:2    | Found a roughly hewn altar of Beogh.
 17565 | Orc:2    | Received a gift from Trog
 17567 | Orc:2    | Reached skill level 1 in Polearms
 17932 | Orc:2    | Paralysed by an orc sorcerer for 2 turns
 18051 | Orc:2    | Found a roughly hewn altar of Beogh.
 18145 | Orc:2    | Found a roughly hewn altar of Beogh.
 18545 | Orc:1    | Killed an orc warlord
 19059 | Snake:1  | Entered Level 1 of the Snake Pit
 19115 | Snake:2  | HP: 5/119 [naga warrior/dire flail (6)]
 19115 | Snake:2  | Mangled by a salamander

Skill      XL: |  1  2  3  4  5  6  7  8  9 10 11 12 13 |
---------------+----------------------------------------+-----
Axes           | 4 5 6 7 8 9 |  9.9
Fighting       | 4 5 6 7 8 9 10 11 12 | 12.8
Armour         | 3 4 5 6 8 9 10 11 12 | 12.6
Dodging        | 3 4 5 6 7 8 9 10 11 | 11.3
Shields        | 1 2 3 5 7 8 9 10 11 | 11.7
Slings         | 2 4 6 |  6.9
Bows           | 4 6 |  6.3
Long Blades    | 4 6 8 |  8.1
Polearms       | 2 |  2.8

Action                   |  1- 3 |  4- 6 |  7- 9 | 10-12 | 13-15 || total
-------------------------+-------+-------+-------+-------+-------++-------
Melee: Hand axe          |    59 |    62 |   167 |   186 |       ||   474
       Headbutt          |     8 |     6 |    38 |   123 |    60 ||   235
       Double sword      |       |       |       |   137 |   138 ||   275
       Whip              |       |       |       |    19 |     8 ||    27
       Battleaxe         |       |       |       |     2 |       ||     2
       Demon blade       |       |       |       |   100 |    26 ||   126
       Glaive            |       |       |       |       |    49 ||    49
       Flail             |       |       |       |       |     4 ||     4
 Fire: Hunting sling     |       |     5 |    34 |   139 |    64 ||   242
       Shortbow          |       |       |       |     9 |       ||     9
       Blowgun           |       |       |       |    13 |       ||    13
       Fustibalus        |       |       |       |       |    56 ||    56
Throw: Tomahawk          |       |       |       |       |     5 ||     5
Invok: Berserk           |       |     2 |     4 |    12 |     7 ||    25
       Brothers in Arms  |       |       |       |       |     1 ||     1
Evoke: Wand              |       |       |       |     7 |    30 ||    37
  Use: Scroll            |       |       |       |    22 |     8 ||    30
       Potion            |       |       |       |    17 |     2 ||    19
 Stab: Paralysed         |       |       |       |     2 |       ||     2
  Eat: Chunk             |     1 |     7 |     9 |    14 |     3 ||    34
       Ration            |       |       |     1 |     7 |     7 ||    15
Armor: Animal skin       |     5 |     3 |       |       |       ||     8
       Ring mail         |       |     5 |    42 |   156 |    16 ||   219
       Scale mail        |       |       |       |       |    44 ||    44
Dodge: Dodged            |    43 |    28 |   100 |   308 |   190 ||   669
Block: Buckler           |       |     4 |    25 |   124 |    49 ||   202
       Rpst.: Double sword |       |       |       |    32 |    28 ||    60
       Demon blade       |       |       |       |    25 |     7 ||    32
